 Dungeon Crawl Stone Soup version 0.24.1-8-ga250c9d538 (webtiles) character file.

Game seed: 11712242730121521888, levelgen mode: deterministic

3520 Hugehornet the Martial Artist (level 10, 0/58 HPs)
             Began as an Octopode Transmuter on May 2, 2020.
             Was a High Priest of Cheibriados.
             Slain by a wight
             ... wielding a +4 spear
              (3 damage)
             ... on level 9 of the Dungeon.
             The game lasted 00:29:29 (9369 turns).

Hugehornet the Martial Artist (Octopode Transmuter) Turns: 9369, Time: 00:29:30

Health: 0/58       AC:  1    Str: 20    XL:     10   Next: 8%
Magic:  14/14      EV: 13    Int: 36    God:    Cheibriados [*****.]
Gold:   331        SH:  0    Dex: 24    Spells: 4/15 levels left

rFire    . . .     SeeInvis .     - Unarmed
rCold    . . .     Gourm    .   (shield currently unavailable)
rNeg     . . .     Faith    .   (helmet restricted)
rPois    .         Spirit   .   p - amulet of magic regeneration
rElec    .         Reflect  .   t - ring of protection from magic
rCorr    .         Harm     .   u - +3 ring of intelligence
MR       +....                  w - +3 ring of intelligence
Stlth    ++++......             (no ring)
HPRegen  0.19/turn              (no ring)
MPRegen  0.39/turn              (no ring)
                                (no ring)
                                (no ring)

@: blade tentacles, heavily drained, very slow
A: almost no armour, stealthy swim, amphibious, 8 rings, constrict 8, camouflage
1, gelatinous body 1
a: End Transformation, Bend Time, Temporal Distortion, Slouch, Step From Time,
Renounce Religion


You were on level 9 of the Dungeon.
You worshipped Cheibriados.
Cheibriados was extremely pleased with you.
You were hungry.
You had blades for tentacles.
You visited 1 branch of the dungeon, and saw 9 of its levels.

You collected 450 gold pieces.
You spent 119 gold pieces at shops.

Inventory:

Missiles
 a - 126 arrows
Armour
 F - a +0 shield
Jewellery
 j - an uncursed amulet of rage
 p - an amulet of magic regeneration (around mantle)
 t - a ring of protection from magic (left scythe-like blade)
 u - a +3 ring of intelligence (right scythe-like blade)
 w - a +3 ring of intelligence (on tentacle)
 B - a +2 amulet of reflection {unknown}
Wands
 x - a wand of flame (31)
 G - a wand of polymorph (3)
Scrolls
 d - 6 scrolls of identify
 e - 10 scrolls of teleportation
 f - 5 scrolls of remove curse
 g - 2 scrolls of enchant armour {unknown}
 l - 3 scrolls of enchant weapon {unknown}
 q - a scroll of fear {unknown}
 r - a scroll of blinking {unknown}
 y - a scroll of vulnerability {unknown}
 z - 2 scrolls of amnesia {unknown}
 A - 2 scrolls of magic mapping
 D - a scroll of noise {unknown}
Potions
 b - 4 potions of agility
 h - 2 potions of cancellation
 i - 2 potions of curing
 k - 5 potions of flight
 m - 2 potions of invisibility {unknown}
 n - a potion of heal wounds
 o - 3 potions of ambrosia
 s - 2 potions of berserk rage
 v - 2 potions of resistance {unknown}
 C - a potion of haste {unknown}
 H - 2 potions of might {unknown}
Comestibles
 c - 15 rations


   Skills:
 + Level 1.1(0.0) Fighting
 + Level 2.0(0.9) Dodging
 + Level 4.0(2.8) Stealth
 * Level 10.9(9.4) Unarmed Combat
 + Level 3.3(2.1) Spellcasting
 * Level 7.7(6.4) Transmutations
 - Level 2.0(0.9) Poison Magic
 + Level 2.9(1.7) Invocations


You had 4 spell levels left.
You knew the following spells:

 Your Spells              Type           Power        Failure   Level  Hunger
a - Beastly Appendage     Tmut           ######       11%         1    None
b - Sticks to Snakes      Tmut           ######..     12%         2    ##.....
c - Spider Form           Tmut/Pois      ####......   28%         3    ###....
d - Blade Hands           Tmut           ######....   45%         5    ######.

Your spell library contained the following spells:

 Spells                   Type           Power        Failure   Level  Hunger
 Magic Dart               Conj           #...         34%         1    None
 Searing Ray              Conj           #.....       41%         2    ##.....
 Ice Form                 Ice/Tmut       ####....     54%         4    ####...
 Dazzling Spray           Conj/Hex       #.....       56%         3    ###....
 Force Lance              Conj/Tloc      #.......     85%         4    ####...
 Fulminant Prism          Conj/Hex       #.........   85%         4    ####...
 Iskenderun's Mystic Bla  Conj           #.......     85%         4    ####...


Dungeon Overview and Level Annotations

Branches:
Dungeon (9/15)             Temple (0/1) D:4
   Lair: D:8-11         Orc: D:9-12

Altars:
Ashenzari
Cheibriados
Fedhas
Hepliaklqana
Okawaru
Xom
Zin
The Shining One

Shops:
D:5 %*   D:9 *

Annotations:
D:9 1 runed translucent door, shugdite's ghost, journeyman MiMo


Innate Abilities, Weirdness & Mutations

You cannot wear most types of armour.
You are very stealthy in the water. (Stealth+)
You are amphibious.
You can wear up to eight rings at the same time.
You can use your tentacles to constrict eight enemies at once.
Your skin changes colour to match your surroundings (Stealth+).
Your rubbery body absorbs attacks. (AC +1, EV +1)


Message History

You feel drained.
Press: ? - help, v - describe, . - travel
Here: a wight, wielding a +0 long sword and wearing a +0 robe The floor.
You shred the wight!!!
You destroy the wight!
Cheibriados appreciates the change of pace.
The wight closely misses you.
You shred the wight!!!
You destroy the wight!
Cheibriados appreciates the change of pace.
Your base Stealth skill increases to level 4!
The wight hits you from afar with a +4 spear!
* * * LOW HITPOINT WARNING * * *
You feel drained.
* * * LOW HITPOINT WARNING * * *
The wight closely misses you. The wight hits you with a +4 spear!
* * * LOW HITPOINT WARNING * * *
You feel drained.
You die...

.### #..........#
...######......)...###
.......##............
...###.............#
...# ####..........#
.### #..........# .#
#..........# ##
#######.#### #)@# ##z#
.z. ..... .......
........+ .........#
..........#


You could see 2 wights.

Vanquished Creatures
  A troll (D:9)
  A spriggan (D:7)
  Eustachio (D:5)
  An ice beast (D:6)
  An orc warrior (D:6)
  2 sky beasts
  A necrophage (D:7)
  A phantom (D:9)
  A wolf (D:8)
  A centaur (D:9)
  A gnoll sergeant (D:8)
  A bullfrog (D:6)
  4 scorpions
  6 wights (D:9)
  3 howler monkeys (D:9)
  2 crimson imps
  A bullfrog zombie (D:5)
  A jelly (D:8)
  4 hounds
  4 orc priests
  Terence (D:3)
  5 orc wizards
  5 worker ants
  A hound skeleton (D:7)
  5 gnolls
  6 adders
  2 shadow imps
  An ooze (D:7)
  2 adder skeletons
  2 worms (D:2)
  A dart slug (D:3)
  2 leopard geckos (D:3)
  25 orcs
  4 giant cockroaches
  12 goblins
  8 hobgoblins
  5 jackals
  6 kobolds
  3 quokkas
  12 bats
  3 frilled lizards
  A giant cockroach zombie (D:5)
  2 leopard gecko skeletons
  4 rats
156 creatures vanquished.

Vanquished Creatures (collateral kills)
  Pikel (D:5)
  Grum (D:8)
  An orc warrior (D:8)
  A phantom (D:5)
  2 ogres
  A wolf (D:8)
  Blork the orc (D:6)
  A scorpion (D:7)
  A hound (D:7)
  A gnoll shaman (D:5)
  An orc wizard (D:7)
  2 gnolls (D:5)
  An adder (D:7)
  7 orcs
22 creatures vanquished.

Vanquished Creatures (others)
  An adder (D:5)
  A fungus (D:9)
  5 plants (D:9)
7 creatures vanquished.

Grand Total: 185 creatures vanquished

Notes
Turn   | Place    | Note
-------+----------+-------------------------------------------
     0 | D:1      | Hugehornet the Octopode Transmuter began the quest for the
                  | Orb.
     0 | D:1      | Reached XP level 1. HP: 13/13 MP: 3/3
   207 | D:1      | Reached XP level 2. HP: 14/18 MP: 3/5
   980 | D:2      | Learned a level 2 spell: Sticks to Snakes
  1010 | D:2      | Reached XP level 3. HP: 19/23 MP: 6/6
  1275 | D:2      | Found a blossoming altar of Fedhas.
  1543 | D:2      | Found a hazy altar of Hepliaklqana.
  1770 | D:2      | Found an iron altar of Okawaru.
  1770 | D:2      | Found a snail-covered altar of Cheibriados.
  1934 | D:2      | Became a worshipper of Cheibriados the Contemplative
  1950 | D:2      | Learned a level 3 spell: Spider Form
  2392 | D:3      | Reached XP level 4. HP: 28/28 MP: 7/7
  2658 | D:3      | Reached skill level 1 in Poison Magic
  2660 | D:3      | Reached * piety under Cheibriados
  2749 | D:3      | Noticed Terence
  2787 | D:3      | Killed Terence
  2787 | D:3      | Reached XP level 5. HP: 29/33 MP: 8/8
  2979 | D:4      | Found a shattered altar of Ashenzari.
  3084 | D:4      | Reached skill level 4 in Unarmed Combat
  3314 | D:4      | Reached XP level 6. HP: 27/38 MP: 9/9
  3343 | D:4      | Found a staircase to the Ecumenical Temple.
  3636 | D:5      | Entered Level 5 of the Dungeon
  3731 | D:5      | Noticed Pikel
  3731 | D:5      | Noticed a slave
  3736 | D:5      | Noticed a slave
  3737 | D:5      | Noticed a slave
  3737 | D:5      | Noticed a slave
  3750 | D:5      | Killed Pikel
  3750 | D:5      | Reached skill level 5 in Unarmed Combat
  3750 | D:5      | Reached skill level 5 in Transmutations
  3750 | D:5      | Reached XP level 7. HP: 7/43 MP: 6/11
  4051 | D:5      | Found Dozya's General Store.
  4177 | D:5      | Reached ** piety under Cheibriados
  4247 | D:5      | Reached XP level 8. HP: 28/48 MP: 12/12
  4502 | D:5      | Learned a level 5 spell: Blade Hands
  4503 | D:5      | Noticed Eustachio
  4513 | D:5      | Killed Eustachio
  4698 | D:5      | Found Gigog's Food Emporium.
  4807 | D:5      | Bought a scroll of magic mapping for 49 gold pieces
  4807 | D:5      | Bought a potion of heal wounds for 70 gold pieces
  5091 | D:6      | Reached skill level 6 in Unarmed Combat
  5552 | D:6      | Found a glowing golden altar of the Shining One.
  5727 | D:6      | Noticed Blork the orc
  5741 | D:6      | Killed Blork the orc
  5795 | D:6      | Found an iron altar of Okawaru.
  6330 | D:7      | Reached *** piety under Cheibriados
  6363 | D:7      | Reached skill level 7 in Unarmed Combat
  6428 | D:7      | Reached XP level 9. HP: 46/53 MP: 13/13
  7057 | D:7      | Reached skill level 8 in Unarmed Combat
  7584 | D:8      | Reached **** piety under Cheibriados
  7841 | D:8      | Found a glowing silver altar of Zin.
  7870 | D:8      | Found a shimmering altar of Xom.
  7930 | D:8      | Reached skill level 9 in Unarmed Combat
  8271 | D:8      | Noticed Grum
  8322 | D:8      | Killed Grum
  8715 | D:9      | Found a runed translucent door.
  8719 | D:9      | Identified the cursed +1 trident of Varrobbev {pierce,
                  | Str+3}
  8720 | D:9      | Noticed shugdite's ghost (journeyman MiMo)
  8765 | D:9      | Noticed a troll
  8776 | D:9      | Killed a troll
  8776 | D:9      | Reached skill level 10 in Unarmed Combat
  8927 | D:9      | Found Demufrin's Elemental Accessories.
  9332 | D:9      | Reached XP level 10. HP: 55/58 MP: 14/14
  9358 | D:9      | Reached ***** piety under Cheibriados
  9369 | D:9      | Slain by a wight

Levels and vault maps discovered:
D:1:      co_arrival_square_in_a_square_in_a_square, layout_loops_corners,
          minmay_tromino_v4_c
D:2:      layout_basic, lemuel_doored_altar, lemuel_crystal_altar,
          nicolae_overflow_hidden_temple
D:3:      kennysheep_the_goblin_king, layout_rooms, uniq_terence
D:4:      layout_cave_pools, kennysheep_mini, minmay_temple_entry_slanted,
          first_ration
D:5:      layout_basic, serial_shops, nicolae_shop_behind_doors,
          nicolae_shop_stone, minivault_1, uniq_pikel, uniq_eustachio
D:6:      layout_loops_ring, lemuel_crystal_altar, basic_altar,
          uniq_blork_the_orc
D:7:      layout_loops_cross, nicolae_sextant, the_bakery
D:8:      layout_basic, kennysheep_mini_moat, basic_altar,
          nicolae_zen_rock_garden, uniq_grum
D:9:      layout_roguey, ebering_ghost_funeral_grove, nicolae_elemental_shop

Skill      XL: |  1  2  3  4  5  6  7  8  9 10 |
---------------+-------------------------------+-----
Transmutations | 3 4 5 7 |  7.7
Poison Magic   | 1 2 |  2.0
Unarmed Combat | 4 5 7 10 | 10.9
Stealth        | 2 3 4 |  4.0
Invocations    | 2 |  2.9
Spellcasting   | 3 |  3.3
Fighting       | |  1.1
Dodging        | |  2.0

Action                   |  1- 3 |  4- 6 |  7- 9 | 10-12 || total
-------------------------+-------+-------+-------+-------++-------
Melee: Unarmed           |    95 |    89 |   192 |     9 ||   385
       Constrict         |    24 |    13 |    29 |     2 ||    68
       Kick              |    28 |    17 |    31 |       ||    76
       Tentacles         |    11 |     5 |    25 |     1 ||    42
       Punch             |       |     2 |     4 |       ||     6
 Cast: Beastly Appendage |    29 |    16 |    33 |       ||    78
       Spider Form       |     1 |     6 |    18 |       ||    25
       Sticks to Snakes  |       |     3 |    33 |       ||    36
       Blade Hands       |       |       |     3 |     1 ||     4
 Abil: End Transformatio |       |       |     1 |       ||     1
  Use: Scroll            |       |       |     8 |       ||     8
       Potion            |       |       |     4 |     1 ||     5
 Stab: Sleeping          |     3 |     5 |    10 |       ||    18
       Distracted        |       |       |     1 |       ||     1
  Eat: Chunk             |     2 |     3 |    10 |       ||    15
       Ration            |     1 |       |       |       ||     1
Armor: Skin              |    19 |     7 |     5 |       ||    31
Dodge: Dodged            |   115 |    61 |   142 |     9 ||   327
